cohdb
Replays
Latest Replays
All Replays
Popular Replays
Top Player Replays
Match Explorer
How It Works
Community
CoH3 Stats
Reddit
Sign in to upload your games and track your stats! →
Sign in with Steam
Match 44011112
Unlisted
Match 44011112
Overview
Messages
Build Orders
End
Construct Barracks
Scout Squad
Riflemen Squad
Selects Heavy Weapons
Riflemen Squad
Construct Weapon Support Center
Bazooka Squad
Selects M2HB .50cal Heavy Machine Gun
M1919 Machine Gun Team
Mechanized Support Center
Riflemen Squad
Selects Assault Carriers
M3 Assault Carrier
Grenade Package
Designate Forward Repair Station
M3 Assault Carrier
M3 Assault Carrier
Riflemen Squad
Selects Exchangeable Parts
Construct Tank Depot
Riflemen Squad
M4A1 Sherman Medium Tank
M1918 Browning Automatic Rifles
Bazooka Squad
Selects M26 Pershing Heavy Tank
Engineer Squad
Salvage Crew
Selects M26 Pershing Heavy Tank
M26 Pershing Heavy Tank
Selects Rapid Reposition
M4A1 Sherman Medium Tank
M4A1 76mm Conversion
Selects Black Dragon Artillery Barrage
Black Dragon Artillery Barrage
e_k_h
CoffeeForBreakfast
anioki
[LTD] Charette
0
0
Comments
sign in to comment!
No comments posted yet!